 Dungeon Crawl Stone Soup version 0.27-a0-249-g74f53ef629 (webtiles) character file.

Game seed: 3131670056086080596

22278 mortress the Gouger (level 12, 0/64 HPs)
             Began as a Felid Berserker on Feb 3, 2021.
             Was a High Priest of Trog.
             Killed by divine providence
             ... invoked by an orc high priest
              (12 damage)
             ... on level 2 of the Orcish Mines.
             The game lasted 01:37:26 (35150 turns).

mortress the Gouger (Felid Berserker)              Turns: 35150, Time: 01:37:26

Health: 0/64       AC:  7    Str: 16    XL:     12   Next: 61%
Magic:  11/11      EV: 30    Int:  6    God:    Trog [*****.]
Gold:   934        SH:  0    Dex: 18    Spells: 11/11 levels left
                                        Lives:  0   Deaths: 4

rFire    . . .     SeeInvis +     - Unarmed
rCold    + . .     Faith    +   (shield unavailable)
rNeg     . . .     Spirit   .   (armour unavailable)
rPois    .         Reflect  .   (helmet unavailable)
rElec    .         Harm     .   (cloak unavailable)
rCorr    .         Rampage  .   (gloves unavailable)
Will     +....                  (boots unavailable)
Stlth    ++++++....             y - amulet of faith
HPRegen  0.20/turn              z - +4 ring of slaying
MPRegen  0.12/turn              R - +4 ring of protection

@: quick
A: very small, no armour, no weapons or thrown items, stealth, claws 1, fangs 3,
see invisible, dopey 1, speed 1, low mp 1, screaming 1, shaggy fur 3, sharp paws
a: Renounce Religion, Berserk, Trog's Hand, Brothers in Arms


You were on level 2 of the Orcish Mines.
You worshipped Trog.
Trog was extremely pleased with you.
You visited 3 branches of the dungeon, and saw 20 of its levels.
You also visited: Ossuary, Gauntlet and Volcano.

You collected 2134 gold pieces.
You spent 1200 gold pieces at shops.

Inventory:

Jewellery
 y - an amulet of faith (around neck)
 z - a +4 ring of slaying (left paw)
 A - an uncursed ring of protection from fire
 G - an uncursed ring of poison resistance
 K - an uncursed ring of positive energy
 M - an uncursed ring of willpower
 R - a +4 ring of protection (right paw)
Wands
 b - a wand of random effects (32)
 d - a wand of paralysis (31)
 t - a wand of iceblast (33)
 v - a wand of polymorph (7)
 B - a wand of digging (6)
 O - a wand of charming (12)
 Q - a wand of mindburst (11)
Scrolls
 h - 13 scrolls of teleportation
 k - 7 scrolls of fear
 l - 6 scrolls of immolation
 m - 2 scrolls of holy word
 n - 14 scrolls of remove curse
 w - 3 scrolls of blinking
 C - a scroll of noise {unknown}
 J - 4 scrolls of identify
 L - a scroll of magic mapping
 S - a scroll of fog
 T - a scroll of summoning
Potions
 a - 4 potions of haste
 c - 4 potions of flight
 e - a potion of berserk rage
 f - 3 potions of brilliance
 g - 19 potions of curing
 i - 4 potions of degeneration
 j - 3 potions of cancellation
 o - 5 potions of mutation
 p - 4 potions of lignification
 q - 2 potions of ambrosia
 r - 4 potions of heal wounds
 s - 5 potions of might
 u - 3 potions of invisibility
 x - 3 potions of resistance
 E - 3 potions of attraction
Miscellaneous
 D - a box of beasts
 F - a lightning rod (4/4)
 H - a box of beasts
 I - a phantom mirror


   Skills:
 * Level 14.3 Fighting
 + Level 13.4 Dodging
 + Level 13.9 Stealth
 * Level 14.4 Unarmed Combat
 + Level 7.1 Evocations


You had 11 spell levels left.
You didn't know any spells.
Your spell library was empty.

Dungeon Overview and Level Annotations

Branches:
Dungeon (12/15)            Temple (0/1) D:5            Lair (6/6) D:11
  Swamp (0/4) Lair:2        Snake (0/4) Lair:2        Slime (0/5) Lair:5
    Orc (2/2) D:12            Elf (0/3) Orc:2       Ossuary (visited)
Volcano (visited)         Gauntlet (visited)

Altars:
Cheibriados
Makhleb
Okawaru
Qazlal
The Shining One
Beogh

Shops:
D:10 !   Orc:1 !?}*   Orc:2 *??:

Annotations:
D:3 4 transporters, Dittersdorf's ghost, amateur GrFi


Innate Abilities, Weirdness & Mutations

You cannot wear armour.
You are incapable of wielding weapons or throwing items.
Your paws allow you to move quietly. (Stealth)
You have sharp claws.
You have razor-sharp teeth.
You have supernaturally acute eyesight. (SInv)
You cover ground quickly.
Your thick and shaggy fur keeps you warm. (AC +3, rC+)
Your sharp claws are effective at attacking unaware monsters.
You are dopey. (Int -2)
Your magical capacity is low. (-10% MP)
You occasionally shout uncontrollably at your foes.


Message History

Attack!
Your troll bites the orc sorcerer!!
Flame seeps out of the orc sorcerer.
Your troll closely misses the orc sorcerer.
Your troll claws the orc sorcerer!!
Trog accepts your kill.
Trog appreciates your killing of a magic user.
The orc sorcerer explodes!
The fiery explosion engulfs you!!
Ouch! That really hurt!
* * * LOW HITPOINT WARNING * * *
The fiery explosion engulfs the sun demon.
The sun demon completely resists.
The fiery explosion engulfs the soul eater!!
The soul eater is almost dead.
The fiery explosion engulfs your troll!!!
Your troll is heavily wounded.
Your troll disappears in a puff of smoke!
The orc high priest calls down the wrath of Beogh upon you.
Beogh smites you!
You die...

##.........#.....................
###.).)..#.##...................
##.#).)#.#..........#.##.........
#..)...#.##..#.#.#.###.....#.##..
..[)......#...###...#.........#..
.))###...###.## ##.###.#..##.#...
)(####...# ######...#############
))..###<## ##.#o.## ##... ..∩.#
### #..@3§.##8o.8. ....#
##..○3.#.o.... ...##
##..§§oooo3o.. ....#
#......#ooo... ....##
##.#..###8..8. .....# ##...###
##.$. ...∩.# #...## ## .....#
##.## .....# ###


You could see a soul eater (summoned), an orc high priest (inner flame), a sun
demon (summoned), a neqoxec (summoned), an orc sorcerer (inner flame), an orc
warrior (inner flame), an orc wizard (inner flame) and 4 orcs.

Vanquished Creatures
  A cacodemon (Gauntlet)
  4 hydras (Lair:5)
  Erolcha (D:10)
  A boulder beetle (Lair:2)
  2 death yaks (Lair:4)
  Nergalle (Lair:2)
  4 skeletal warriors (D:12)
  The ghost of ArcanElement the Exorcist, a novice HuFi of the Shining One (D:7)
  2 lindwurms
  An orc knight (D:12)
  3 wolf spiders (Lair:6)
  4 elephants (Lair:5)
  2 manticores (Lair:6)
  A cyclops (Orc:2)
  5 black mambas
  15 cane toads
  A torpor snail (Lair:6)
  10 komodo dragons
  5 rime drakes
  6 trolls
  A polar bear (Lair:5)
  A blink frog (shapeshifter) (D:9)
  A blink frog (Lair:6)
  3 dream sheep (Lair:5)
  Sigmund (D:2)
  41 yaks
  3 wraiths
  2 wyverns
  7 basilisks
  A hog (shapeshifter) (D:9)
  2 neqoxecs (Gauntlet)
  Grum (D:9)
  3 steam dragons
  Menkaure (D:6)
  A warg (Orc:1)
  3 swamp worms (Lair:2)
  An acid dragon (Lair:6)
  A naga (Lair:2)
  10 water moccasins
  4 ice beasts
  5 sky beasts
  3 black bears
  16 orc warriors
  An eye of draining (D:6)
  2 necrophages
  8 wolves
  17 ogres
  5 centaurs
  A phantom (D:9)
  17 bullfrogs
  2 earth elementals (Volcano)
  7 scorpions
  A hornet simulacrum (Gauntlet)
  A water moccasin zombie (D:5)
  20 wights
  6 electric eels
  3 howler monkeys
  5 quasits
  A bullfrog zombie (D:12)
  A centaur zombie (Ossuary)
  2 hounds
  14 jellies
  16 orc priests
  2 bullfrog skeletons
  2 centaur skeletons
  15 worker ants
  Terence (D:2)
  Natasha (twice) (D:2)
  5 iguanas
  8 orc wizards
  A bullfrog simulacrum (Gauntlet)
  A hound zombie (D:11)
  A hound skeleton (D:4)
  3 mummies
  7 gnolls
  10 adders
  A shadow imp (D:10)
  16 white imps
  An ufetubus (Gauntlet)
  2 oozes
  2 adder zombies
  4 worms
  2 dart slugs
  6 leopard geckos
  59 orcs
  3 ball pythons
  4 giant cockroaches
  6 goblins
  18 hobgoblins
  8 jackals
  5 quokkas
  A ball python skeleton (Ossuary)
  5 bats
  4 frilled lizards
  5 hobgoblin zombies
  A jackal skeleton (D:6)
  10 kobolds
  A leopard gecko skeleton (D:6)
  An orc skeleton (Ossuary)
  2 orc zombies
  5 rats
  A butterfly (Lair:6)
543 creatures vanquished.

Vanquished Creatures (collateral kills)
  Rupert (Lair:6)
  A minotaur (Gauntlet)
  An ettin (Orc:2)
  A catoblepas (Lair:6)
  3 hydras
  2 ogre magi (Orc:2)
  7 two-headed ogres (Orc:2)
  A death yak (D:11)
  A sixfirhy (Gauntlet)
  2 deep trolls (Orc:2)
  A bog body (Lair:2)
  An orc sorcerer (Orc:2)
  A cyclops (Orc:2)
  A centaur zombie (D:11)
  3 elephants
  A torpor snail (Lair:6)
  A cane toad (Lair:5)
  A gargoyle (Volcano)
  A komodo dragon (D:11)
  An efreet (Volcano)
  A rime drake (Lair:6)
  6 trolls (Orc:2)
  3 dream sheep (Lair:5)
  A centaur simulacrum (Gauntlet)
  A yak (Lair:1)
  2 wyverns
  A fire elemental (Volcano)
  2 basilisks
  An acid dragon (Lair:6)
  15 ogres (Orc:2)
  A necrophage (D:11)
  An electric eel (Lair:2)
  2 wights (D:11)
  A jelly (Lair:5)
  A bullfrog skeleton (D:11)
  A worker ant zombie (D:11)
  A white imp (Lair:5)
  An ufetubus (Gauntlet)
74 creatures vanquished.

Vanquished Creatures (others)
  33 demonic plants (Gauntlet)
  29 fungi
  79 plants
  A withered plant (D:11)
142 creatures vanquished.

Grand Total: 759 creatures vanquished

Notes
Turn   | Place    | Note
-------+----------+-------------------------------------------
     0 | D:1      | mortress the Felid Berserker began the quest for the Orb.
     0 | D:1      | Reached XP level 1. HP: 10/10 MP: 2/2
   360 | D:1      | Reached XP level 2. HP: 10/14 MP: 3/3
   672 | D:1      | Reached skill level 1 in Stealth
  1195 | D:2      | Noticed an ogre
  1572 | D:2      | Reached ** piety under Trog
  1573 | D:2      | Reached XP level 3. HP: 17/17 MP: 4/4
  1640 | D:2      | Noticed Terence
  1652 | D:2      | Killed Terence
  1923 | D:2      | Noticed Natasha
  1934 | D:2      | Killed Natasha
  1935 | D:2      | Reached XP level 4. HP: 10/22 MP: 5/5
  2384 | D:2      | Noticed Sigmund
  2388 | D:2      | Killed Sigmund
  2389 | D:2      | Reached skill level 5 in Dodging
  2389 | D:2      | Reached XP level 5. HP: 25/25 MP: 6/6
  2471 | D:2      | Killed an ogre
  2472 | D:2      | Gained mutation: You are covered in thick fur. (AC +2)
                  | [Felid growth]
  2472 | D:2      | Reached XP level 6. HP: 29/29 MP: 7/7
  2487 | D:2      | Noticed Natasha
  2500 | D:2      | Killed Natasha
  2624 | D:3      | Found a transporter.
  2720 | D:3      | Found a transporter.
  2806 | D:3      | Found a transporter.
  2806 | D:3      | Noticed Dittersdorf's ghost (amateur GrFi)
  2849 | D:3      | Found a transporter.
  3149 | D:3      | Reached skill level 5 in Fighting
  3149 | D:3      | Reached skill level 5 in Unarmed Combat
  3478 | D:4      | Reached *** piety under Trog
  3618 | D:4      | Found a sand-covered staircase.
  3623 | Ossuary  | Entered an ossuary
  3673 | Ossuary  | Reached XP level 7. HP: 33/33 MP: 8/8
  3718 | Ossuary  | Noticed a wraith
  3718 | Ossuary  | Noticed a flying skull
  3727 | Ossuary  | Noticed a flying skull
  3736 | Ossuary  | Noticed a flying skull
  3754 | Ossuary  | Noticed a flying skull
  3795 | Ossuary  | Noticed a wraith
  3804 | Ossuary  | Killed a wraith
  3896 | Ossuary  | Noticed a flying skull
  3904 | Ossuary  | Noticed a wraith
  3906 | Ossuary  | Killed a wraith
  3907 | Ossuary  | Reached skill level 5 in Stealth
  4125 | D:4      | Reached XP level 8. HP: 38/38 MP: 9/9
  4345 | D:4      | Found a stormy altar of Qazlal.
  4552 | D:5      | Entered Level 5 of the Dungeon
  4659 | D:5      | Reached **** piety under Trog
  4677 | D:5      | Found a staircase to the Ecumenical Temple.
  6366 | D:5      | Found a burning altar of Makhleb.
  6737 | D:6      | Reached XP level 9. HP: 43/43 MP: 10/10
  7989 | D:6      | Noticed Menkaure
  7996 | D:6      | Killed Menkaure
  8343 | D:7      | Noticed ArcanElement's ghost (novice HuFi)
  8344 | D:7      | Found a runed translucent door.
  9105 | D:7      | Found a glowing golden altar of the Shining One.
  9959 | D:7      | Killed ArcanElement's ghost
  9960 | D:7      | Reached XP level 10. HP: 49/49 MP: 11/11
 10587 | D:8      | Reached ***** piety under Trog
 11765 | D:9      | Noticed Grum
 11777 | D:9      | Found a snail-covered altar of Cheibriados.
 11782 | D:9      | Killed Grum
 12618 | D:9      | Reached skill level 10 in Unarmed Combat
 12623 | D:9      | Reached skill level 10 in Fighting
 13766 | D:10     | Entered Level 10 of the Dungeon
 14045 | D:10     | Found Imukoc's Distillery.
 14384 | D:10     | Reached XP level 11. HP: 55/55 MP: 12/12
 14389 | D:10     | Bought 2 potions of curing for 84 gold pieces
 14389 | D:10     | Bought a potion of curing for 42 gold pieces
 14389 | D:10     | Bought a potion of curing for 42 gold pieces
 14419 | D:10     | Found an iron altar of Okawaru.
 14595 | D:10     | Noticed Erolcha
 14602 | D:10     | Killed Erolcha
 14603 | D:10     | Reached skill level 10 in Dodging
 14603 | D:10     | Reached skill level 10 in Stealth
 16020 | D:11     | Noticed a death yak
 16021 | D:11     | Found a staircase to the Lair.
 16026 | D:11     | Killed a death yak
 16882 | D:11     | Found an iron altar of Okawaru.
 16920 | Lair:1   | Entered Level 1 of the Lair of Beasts
 17139 | Lair:1   | Noticed a five-headed hydra
 17146 | Lair:1   | Killed a five-headed hydra
 17242 | Lair:1   | Slain by a yak
 17243 | Lair:1   | Reached XP level 10. HP: -2/52 MP: 11/11
 17470 | Lair:1   | Found a dark tunnel.
 17470 | Lair:1   | Noticed a lindwurm
 17479 | Volcano  | Entered a volcano
 17500 | Volcano  | Noticed a gargoyle
 17506 | Volcano  | Killed a gargoyle
 17507 | Volcano  | Reached XP level 11. HP: 56/56 MP: 12/12
 18910 | Lair:1   | Killed a lindwurm
 19775 | Lair:2   | Found a gate leading to a gauntlet.
 19788 | Gauntlet | Entered a Gauntlet
 19788 | Gauntlet | Found a large runed translucent door.
 19788 | Gauntlet | Found a large runed translucent door.
 19788 | Gauntlet | Found a large runed translucent door.
 19788 | Gauntlet | Found a large runed translucent door.
 19788 | Gauntlet | Found a large runed translucent door.
 19788 | Gauntlet | Found a large runed translucent door.
 19788 | Gauntlet | Found a large runed translucent door.
 19788 | Gauntlet | Found a large runed translucent door.
 19788 | Gauntlet | Found a runed translucent door.
 19788 | Gauntlet | Found a runed translucent gate.
 19788 | Gauntlet | Found a transporter.
 19788 | Gauntlet | Found a transporter.
 19788 | Gauntlet | Found a runed translucent gate.
 19788 | Gauntlet | Found a transporter.
 19788 | Gauntlet | Noticed a wizard
 19804 | Gauntlet | Found a transporter.
 19808 | Gauntlet | Found a transporter.
 19820 | Gauntlet | Found a transporter.
 19822 | Gauntlet | Found a transporter.
 19826 | Gauntlet | Noticed a sixfirhy
 19828 | Gauntlet | Noticed a sixfirhy
 19828 | Gauntlet | Noticed a sixfirhy
 19834 | Gauntlet | Found a transporter.
 19854 | Gauntlet | Found a transporter.
 19868 | Gauntlet | Noticed a cacodemon
 19871 | Gauntlet | Found a transporter.
 19875 | Gauntlet | Found a transporter.
 19880 | Gauntlet | Noticed a sixfirhy
 19885 | Gauntlet | Found a transporter.
 19891 | Gauntlet | Found a runed translucent gate.
 19892 | Gauntlet | Found a large runed translucent door.
 19892 | Gauntlet | Found a large runed translucent door.
 19893 | Gauntlet | Found a large runed translucent door.
 19894 | Gauntlet | Found a large runed translucent door.
 19895 | Gauntlet | Found a large runed translucent door.
 19895 | Gauntlet | Found a large runed translucent door.
 19895 | Gauntlet | Found a runed translucent door.
 19896 | Gauntlet | Found a large runed translucent door.
 19897 | Gauntlet | Found a large runed translucent door.
 20193 | Gauntlet | Killed a sixfirhy
 20194 | Gauntlet | Reached skill level 1 in Evocations
 20350 | Gauntlet | Gained mutation: You are dopey. (Int -2) [a cacodemon]
 20354 | Gauntlet | Gained mutation: You occasionally shout uncontrollably at
                  | your foes. [a cacodemon]
 20356 | Gauntlet | Gained mutation: Your magical capacity is low. (-10% MP) [a
                  | cacodemon]
 20358 | Gauntlet | Killed a cacodemon
 20411 | Gauntlet | Noticed a minotaur
 20434 | Gauntlet | Killed a minotaur
 20704 | Lair:2   | Noticed Nergalle
 20717 | Lair:2   | Noticed a spectral orc warlord
 20717 | Lair:2   | Killed Nergalle
 20753 | Lair:2   | Found a staircase to the Swamp.
 20753 | Lair:2   | Noticed a bog body
 20888 | Lair:2   | Noticed a boulder beetle
 20911 | Lair:2   | Killed a boulder beetle
 21331 | Lair:2   | Found a staircase to the Snake Pit.
 21711 | Lair:2   | Killed from afar by a bog body
 21712 | Lair:2   | Reached XP level 10. HP: -4/79 MP: 10/10
 21770 | Lair:2   | Killed a bog body
 22109 | Lair:2   | Reached XP level 11. HP: 57/57 MP: 10/10
 23755 | Lair:4   | Noticed an eight-headed hydra
 23763 | Lair:4   | Killed an eight-headed hydra
 24737 | Lair:4   | Noticed a death yak
 24747 | Lair:4   | Killed a death yak
 24808 | Lair:4   | Noticed a death yak
 24818 | Lair:4   | Killed a death yak
 25298 | Lair:5   | Noticed a six-headed hydra
 25329 | Lair:5   | Killed a six-headed hydra
 25341 | Lair:5   | Gained mutation: Your thick and shaggy fur keeps you warm.
                  | (AC +3, rC+) [Felid growth]
 25341 | Lair:5   | Reached XP level 12. HP: 61/61 MP: 11/11
 25802 | Lair:5   | Noticed a four-headed hydra
 25804 | Lair:5   | Killed a four-headed hydra
 25820 | Lair:5   | Found a frozen archway.
 25830 | Lair:5   | Noticed an eight-headed hydra
 25847 | Lair:5   | Killed an eight-headed hydra
 26094 | Lair:5   | Found a staircase to the Slime Pits.
 26274 | Lair:5   | Reached skill level 5 in Evocations
 26915 | Lair:5   | Noticed an eight-headed hydra
 26922 | Lair:5   | Killed an eight-headed hydra
 27443 | Lair:5   | Noticed a four-headed hydra
 27452 | Lair:5   | Killed a four-headed hydra
 27750 | Lair:6   | Entered Level 6 of the Lair of Beasts
 28376 | Lair:6   | Noticed Rupert
 28633 | Lair:6   | Killed Rupert
 28634 | Lair:6   | Reached XP level 13. HP: 66/66 MP: 12/12
 29498 | Lair:6   | Mangled by a catoblepas
 29499 | Lair:6   | Reached XP level 12. HP: -8/63 MP: 11/11
 29778 | Lair:6   | Found the macabre finger necklace {rN+}
 30467 | Lair:6   | Killed a catoblepas
 31523 | Lair:6   | Noticed a fire dragon
 31528 | Lair:6   | Killed from afar by a fire dragon
 31529 | Lair:6   | Reached XP level 11. HP: 0/59 MP: 10/10
 31771 | D:12     | Noticed a skeletal warrior
 31775 | D:12     | Noticed a skeletal warrior
 31775 | D:12     | Noticed a skeletal warrior
 31799 | D:12     | Killed a skeletal warrior
 31864 | D:12     | Noticed a skeletal warrior
 31881 | D:12     | Killed a skeletal warrior
 31947 | D:12     | Killed a skeletal warrior
 32036 | D:12     | Killed a skeletal warrior
 32907 | D:12     | Found a staircase to the Orcish Mines.
 33085 | Orc:1    | Entered Level 1 of the Orcish Mines
 33102 | Orc:1    | Noticed an orc knight
 33279 | D:12     | Killed an orc knight
 33490 | Orc:1    | Reached XP level 12. HP: 64/64 MP: 11/11
 33953 | Orc:1    | Found Raptizxo's Gadget Emporium.
 34008 | Orc:1    | Found Esulo's Magic Scroll Boutique.
 34018 | Orc:1    | Bought a scroll of fog for 24 gold pieces
 34018 | Orc:1    | Bought a scroll of teleportation for 36 gold pieces
 34018 | Orc:1    | Bought a scroll of summoning for 114 gold pieces
 34018 | Orc:1    | Bought a scroll of fear for 42 gold pieces
 34018 | Orc:1    | Bought a scroll of teleportation for 36 gold pieces
 34027 | Orc:1    | Bought a wand of paralysis (7) for 117 gold pieces
 34027 | Orc:1    | Bought a wand of mindburst (5) for 117 gold pieces
 34038 | Orc:1    | Found Ferutil's General Store.
 34038 | Orc:1    | You fall into a shaft and drop 1 floor!
 34038 | Orc:2    | Entered Level 2 of the Orcish Mines
 34142 | Orc:1    | Found Liysuppe's Distillery.
 34287 | Orc:1    | Bought a scroll of identify for 28 gold pieces
 34287 | Orc:1    | Bought 2 potions of heal wounds for 140 gold pieces
 34394 | Orc:1    | Found a roughly hewn altar of Beogh.
 34584 | Orc:2    | Found a burning altar of Makhleb.
 34710 | Orc:2    | Found a staircase to the Elven Halls.
 34781 | Orc:2    | Found a runed translucent door.
 34819 | Orc:2    | Found Vezydedd's General Store.
 34821 | Orc:2    | Noticed an ettin
 34821 | Orc:2    | Noticed a two-headed ogre
 34827 | Orc:2    | Noticed a two-headed ogre
 34837 | Orc:2    | Killed a two-headed ogre
 34837 | Orc:2    | Noticed a two-headed ogre
 34838 | Orc:2    | Killed a two-headed ogre
 34840 | Orc:2    | Killed an ettin
 34841 | Orc:2    | Killed a two-headed ogre
 34842 | Orc:2    | Noticed a two-headed ogre
 34844 | Orc:2    | Noticed a two-headed ogre
 34845 | Orc:2    | Killed a two-headed ogre
 34847 | Orc:2    | Noticed a two-headed ogre
 34847 | Orc:2    | Killed a two-headed ogre
 34848 | Orc:2    | Killed a two-headed ogre
 34855 | Orc:2    | Noticed an ogre mage
 34857 | Orc:2    | Noticed a two-headed ogre
 34857 | Orc:2    | Noticed an ogre mage
 34858 | Orc:2    | Killed an ogre mage
 34860 | Orc:2    | Killed an ogre mage
 34862 | Orc:2    | Killed a two-headed ogre
 35050 | Orc:2    | Found Runedive's Magic Scroll Emporium.
 35052 | Orc:2    | Found Ginast's Book Boutique.
 35057 | Orc:2    | Bought a scroll of holy word for 135 gold pieces
 35057 | Orc:2    | Bought a scroll of identify for 36 gold pieces
 35057 | Orc:2    | Bought a scroll of identify for 36 gold pieces
 35057 | Orc:2    | Bought a scroll of holy word for 135 gold pieces
 35057 | Orc:2    | Bought a scroll of identify for 36 gold pieces
 35064 | Orc:2    | Found Utonkek's Magic Scroll Shoppe.
 35116 | Orc:2    | Noticed an orc high priest
 35150 | Orc:2    | Killed from afar by an orc high priest

Illustrated notes

Levels and vault maps discovered:
D:1:      sevenhm_arrival_forest_fort_small_4, layout_basic,
          chequers_serial_rivers_micro_d
D:2:      minmay_spotlight, layout_basic, uniq_natasha, uniq_sigmund,
          uniq_terence
D:3:      gammafunk_steamed_eel, layout_rooms, gammafunk_ghost_arena
D:4:      corexii_shack_village, layout_basic, nicolae_ossuary_entry_giza,
          st_stairs_8, nicolae_qazlal_eye_of_the_storm
D:5:      layout_cave_pools, lightli_temple_of_fire,
          minmay_temple_entry_overgrown
D:6:      layout_basic, uniq_menkaure
D:7:      layout_loops_corners, basic_altar, serial_aquarium,
          aquarium_bridge_long_joined [aquarium_subvault_wall,
          aquarium_subvault_bridge, aquarium_subvault_bridge,
          aquarium_subvault_wall, aquarium_subvault_window,
          aquarium_subvault_balcony], aquarium_window_1, aquarium_window_2,
          aquarium_window_2, aquarium_window_2, aquarium_view_2e,
          aquarium_view_2c, aquarium_balcony_3b, aquarium_pool_side,
          hellmonk_ghost_happy_afterlife
D:8:      layout_loops_corners
D:9:      layout_cave_pools, basic_altar, minmay_radiant, uniq_grum
D:10:     layout_loops_corners, serial_shops, nicolae_shop_waterfront,
          roderic_lattice_a, okawaru_trees_1, uniq_erolcha
D:11:     layout_basic, david_lair_generic, serial_undead, serial_undead_e,
          serial_undead_f, serial_undead_d, serial_undead_b, serial_undead_c,
          serial_undead_b, basic_altar, grunt_decor_one_mirror
D:12:     minmay_klotski, layout_basic, erik_orc_2, nemelex_diamond_rough_becter
Lair:1:   layout_misc_corridors, nicolae_volcano_entry_vermiform,
          grunt_megastairs_3
Lair:2:   layout_loops_ring, nicolae_swamp_entry_splash_gauntlet,
          guppyfry_snake_entry_garden, gauntlet_entry_generic, uniq_nergalle
Lair:3:   layout_long_grid
Lair:4:   layout_gridlike, grunt_forest_stairs_basic, beast_lair_carwin_10,
          grunt_megastairs_4
Lair:5:   layout_regular_city, minmay_slime_entry_jelly_boxes,
          portal_ice_cave_entry_imps, serial_bayou_shore_b, grunt_megastairs_5
Lair:6:   hangedman_lair_in_review, layout_regular_city,
          guppyfry_lair_end_dragon, lemuel_fruit_fields, uniq_rupert
Orc:1:    layout_caves, serial_shops, shop, shop, nicolae_shop_stone, shop,
          minmay_orc_temple_a
Orc:2:    st_orc_open, layout_caves, basic_altar, lightli_church_of_beogh

Skill      XL: |  1  2  3  4  5  6  7  8  9 10 11 12 13 |
---------------+----------------------------------------+-----
Stealth        | 1 2 3 4 5 6 8 9 12 13 | 13.9
Fighting       | 4 5 6 7 9 10 14 13 | 14.3
Dodging        | 5 6 7 8 9 12 13 | 13.4
Unarmed Combat | 4 5 6 7 9 10 13 14 | 14.4
Evocations     | 4 7 6 |  7.1

Action                   |  1- 3 |  4- 6 |  7- 9 | 10-12 | 13-15 || total
-------------------------+-------+-------+-------+-------+-------++-------
Melee: Unarmed           |    71 |   119 |   273 |   890 |    51 ||  1404
       Bite              |     7 |    16 |    26 |   112 |    10 ||   171
       Punch             |       |     4 |     4 |    56 |     1 ||    65
Invok: Berserk           |     9 |     7 |    29 |   101 |     4 ||   150
       Trog's Hand       |       |       |     1 |     3 |       ||     4
       Brothers in Arms  |       |       |       |    29 |       ||    29
Evoke: Wand              |       |       |       |    28 |       ||    28
       Lightning rod     |       |       |       |     2 |       ||     2
       Box of beasts     |       |       |       |       |     1 ||     1
  Use: Scroll            |       |     4 |    10 |    16 |       ||    30
       Potion            |       |       |       |     1 |       ||     1
 Stab: Sleeping          |     3 |    19 |    12 |    24 |     2 ||    60
       Distracted        |       |       |     2 |     2 |       ||     4
Armor: Skin              |       |     3 |     5 |    16 |     1 ||    25
Dodge: Dodged            |    43 |    78 |   185 |   729 |    38 ||  1073

Table legend: (Time is in decaauts)
 A = Elapsed time spent in this place.
 B = Non-inter-level travel time spent in this place.
 C = Inter-level travel time spent in this place.
 D = Time resting spent in this place.
 E = Time spent auto-exploring this place.
 F = Levels seen in this place.
 G = Mean time per level.
                   A        B        C        D        E       F      G
               +--------+--------+--------+--------+--------+-----+--------+
         Total |  33615 |  33140 |    475 |  19437 |   9586 |  23 | 1461.5 |
       Dungeon |  17730 |  17477 |    253 |  10110 |   5375 |  12 | 1477.5 |
          Lair |  12106 |  11897 |    209 |   7066 |   3269 |   6 | 2017.7 |
  Orcish Mines |   1361 |   1349 |     12 |    484 |    623 |   2 |  680.5 |
       Ossuary |    306 |    306 |      0 |     94 |    114 |   1 |  306.0 |
       Volcano |   1396 |   1396 |      0 |   1319 |     33 |   1 | 1396.0 |
      Gauntlet |    715 |    715 |      0 |    362 |    170 |   1 |  715.0 |
               +--------+--------+--------+--------+--------+-----+--------+

Top non-repeatable levels by time:
  Lair:6: 3796 daAuts
  Lair:4: 2171 daAuts
    D:12: 1909 daAuts
     D:5: 1881 daAuts
     D:8: 1878 daAuts
     D:6: 1796 daAuts
  Lair:5: 1715 daAuts
     D:7: 1685 daAuts
  Lair:2: 1680 daAuts
     D:9: 1654 daAuts
    D:10: 1616 daAuts
     D:2: 1543 daAuts
 Volcano: 1396 daAuts
  Lair:1: 1371 daAuts
  Lair:3: 1370 daAuts
